 Dungeon Sprint DCSS version 0.30-a0-509-gd016549fea (webtiles) character file.

Game seed: 14833116186752274665

146 rocky1 the Shooter (level 5, -1/51 HPs)
             Began as a Minotaur Hunter on Dec 23, 2022.
             Slain by a shadow (6 damage)
             ... in the Dungeon (Sprint III: "The Ten Rune Challenge").
             The game lasted 00:01:41 (399 turns).

rocky1 the Shooter (Minotaur Hunter)                 Turns: 399, Time: 00:01:42

Health: -1/51      AC:  3    Str: 15    XL:     5   Next: 7%
Magic:  4/4        EV: 14    Int:  6    God:
Gold:   15         SH:  0    Dex: 16    Spells: 4/4 levels left

rFire   . . .      SeeInvis .    a - +0 shortbow
rCold   . . .      Faith    .    (shield currently unavailable)
rNeg    . . .      Spirit   .    c - +0 leather armour
rPois   .          Reflect  .    (helmet restricted)
rElec   .          Harm     .    (no cloak)
rCorr   .          Rampage  .    (no gloves)
Will    .....      NoTele   +    (no boots)
Stlth   +++.......               (no amulet)
HPRegen 0.28/turn                (no ring)
MPRegen 0.09/turn                (no ring)

@: no status effects
A: horns 2, retaliatory headbutt
a: no special abilities


You were in the Dungeon.
You visited 1 branch You collected 15 gold pieces.

Inventory:

Hand Weapons
 a - a +0 shortbow (weapon)
 k - a +0 dagger
Armour
 c - a +0 leather armour (worn)
Scrolls
 b - 3 scrolls of immolation
 i - a scroll of blinking
 l - a scroll of vulnerability {unknown}
 n - a scroll of identify {unknown}
Potions
 d - 2 potions of curing
 e - a potion of heal wounds
 f - a potion of haste
 g - 2 potions of magic
 j - 5 potions of mutation {unknown}
 m - 2 potions of flight {unknown}
 o - a potion of resistance {unknown}


   Skills:
 + Level 6.4 Fighting
 + Level 1.5 Short Blades
 + Level 7.0 Ranged Weapons
 + Level 5.8 Dodging
 + Level 4.4 Stealth


You had 4 spell levels left.
You didn't know any spells.
Your spell library was empty.

Dungeon Overview and Level Annotations

Branches:
Dungeon (1/1)

Altars:


Innate Abilities, Weirdness & Mutations

You have a pair of horns on your head.
You reflexively headbutt those who attack you in melee.


Message History

You shoot an arrow. The arrow hits the jelly!
The jelly is heavily wounded.
A shadow comes into view.
The shadow moves out of view.
You shoot an arrow. The arrow hits the jelly.
The jelly is severely wounded.
You shoot an arrow. The arrow closely misses the shadow.
The shadow slips into darkness.
The shadow flickers and vanishes!
Deactivating autopickup; reactivate with Ctrl-A.
You shoot an arrow. The arrow hits the jelly.
You kill the jelly!
Your Short Blades skill increases to level 1!
Your Ranged Weapons skill increases to level 7!
You have reached level 5!
You shoot an arrow.
The shadow strikes at you from the darkness!
Reactivating autopickup.
The shadow hits you!
You shoot an arrow.
The arrow hits the shadow but does no damage.
The shadow hits you!
* * * LOW HITPOINT WARNING * * *
You shoot an arrow.
The arrow hits the shadow but does no damage.
The shadow closely misses you. You furiously retaliate!
You headbutt the shadow! You shoot an arrow.
The arrow hits the shadow but does no damage.
The shadow is heavily damaged.
The shadow misses you.
You shoot an arrow. The arrow hits the shadow.
The shadow is severely damaged.
The shadow barely misses you. The shadow hits you!
* * * LOW HITPOINT WARNING * * *
You shoot an arrow.
The arrow hits the shadow but does no damage.
The shadow is heavily damaged.
The shadow hits you.
You die...

▓ ▓▓▓ ♣♣ ♣.# .♣
♣.# .♣ ♣.# .♣
♣♣.###+#+###+##
♣♣♣♣..#..........#
~♣.♣♣.'.⌠.......@#
~~~♣♣.#...######W#
~~....#.⌠.# ..#
~.....#...# ...#
......#+### #...#
......# #...+
......# +...#
▓▓▓▓▓▓▓ ▓▓▓▓▓


You could see a shadow.

Vanquished Creatures
  A water elemental (D)
  A jelly (D)
  Jessica (D)
  A human (D)
  A phantom (D)
  An endoplasm (D)
  2 rats (D)
8 creatures vanquished.

Notes
Turn   | Place    | Note
-------+----------+-------------------------------------------
     0 | D        | rocky1 the Minotaur Hunter began the quest for the Orb.
     0 | D        | Reached XP level 1. HP: 18/18 MP: 0/0
     6 | D        | Reached skill level 1 in Stealth
    54 | D        | Noticed Jessica
    62 | D        | Killed Jessica
    63 | D        | Reached skill level 5 in Ranged Weapons
    63 | D        | Reached XP level 2. HP: 18/27 MP: 1/1
    63 | D        | Reached XP level 3. HP: 23/33 MP: 2/2
   259 | D        | Noticed a water elemental
   269 | D        | Killed a water elemental
   270 | D        | Reached skill level 6 in Ranged Weapons
   270 | D        | Reached skill level 5 in Dodging
   270 | D        | Reached XP level 4. HP: 19/44 MP: 3/3
   390 | D        | Noticed a shadow
   394 | D        | Reached skill level 1 in Short Blades
   394 | D        | Reached skill level 7 in Ranged Weapons
   394 | D        | Reached XP level 5. HP: 51/51 MP: 4/4
   399 | D        | Slain by a shadow

Illustrated notes

Levels and vault maps discovered:
D:        dungeon_sprint_mu [sprint_mu_entry_forest, sprint_mu_temple_rooms,
          sprint_mu_d1_spiders, sprint_mu_d2_genie, sprint_mu_d3_branching,
          sprint_mu_orc_legion, sprint_mu_elf_gauntlet, sprint_mu_hive_nellie,
          sprint_mu_lair_fedhas, sprint_mu_vaults_butterflies,
          sprint_mu_slime_circle, sprint_mu_swamp_cave, sprint_mu_shoals_kraken,
          sprint_mu_blade_basic, sprint_mu_crypt_chambers,
          sprint_mu_tomb_spiral, sprint_mu_vestibule_basic,
          sprint_mu_gehenna_hellfire, sprint_mu_dis_giant,
          sprint_mu_tartarus_statrot, sprint_mu_cocytus_islands, sprint_mu_zot1]

Skill      XL: |  1  2  3  4 |
---------------+-------------+-----
Stealth        | 2 4 |  4.4
Fighting       | 4 6 |  6.4
Ranged Weapons | 5 6 7 |  7.0
Dodging        | 3 5 |  5.8
Short Blades   | 1 |  1.5

Action                   |  1- 3 |  4- 6 || total
-------------------------+-------+-------++-------
Melee: Dagger            |     6 |       ||     6
       Headbutt          |     2 |       ||     2
 Fire: Shortbow          |    34 |    10 ||    44
  Use: Potion            |     1 |       ||     1
Armor: Leather armour    |     3 |       ||     3
Dodge: Dodged            |    11 |     3 ||    14

Table legend: (Time is in decaauts)
 A = Elapsed time spent in this place.
 B = Non-inter-level travel time spent in this place.
 C = Inter-level travel time spent in this place.
 D = Time resting spent in this place.
 E = Time spent auto-exploring this place.
 F = Levels seen in this place.
 G = Mean time per level.
                   A        B        C        D        E       F      G
               +--------+--------+--------+--------+--------+-----+--------+
         Total |    420 |    420 |      0 |    246 |      0 |   1 |  420.0 |
       Dungeon |    420 |    420 |      0 |    246 |      0 |   1 |  420.0 |
               +--------+--------+--------+--------+--------+-----+--------+

Top non-repeatable levels by time:
       D: 420 daAuts
